Cogmind - Beta 13 @@@ ROGUE MODE // 2024.03.16 @ 17:04:36 Player: DotFX Result: Destroyed by G-47 Trooper with Particle Gun Performance ------------- Evolutions (3) 1500 Regions Visited (4) 800 Robots Destroyed (35) 175 Value Destroyed (1231) 1231 Prototype IDs (2) 40 Alien Tech Used (0) 0 Bonus (0) 0 TOTAL SCORE: 3746 Bonus ------- None Cogmind --------- Core Integrity 0/700 Matter 147/300 Energy 100/100 System Corruption 9% Temperature Cool (9) Movement Core (700) Ox13 Location -7/Factory Parts ------- > --- POWER (3) -------- (None) > --- PROPULSION (2) --- (None) > --- UTILITY (5) ------ High-capacity Storage Unit Improved Sensor Array Improved Signal Interpreter Targeting Computer > --- WEAPON (3) ------- (None) > --- INVENTORY (20) --- Heat Sink Large Storage Unit Component Analysis Suite Peak State ------------ > --- POWER ------------ Nuclear Core Light Nuclear Core Improved Deuterium Engine > --- PROPULSION ------- Improved Carbon-fiber Leg Armored Wheel > --- UTILITY ---------- Cryofiber Web High-capacity Storage Unit Improved Signal Interpreter Seismic Detector Layered Light Armor Plating > --- WEAPON ----------- High-powered Shotgun High-powered Shotgun Enhanced Autogun > --- INVENTORY -------- Improved Ion Engine Light Nuclear Core Heat Sink Improved Heat Sink Large Storage Unit Improved Sensor Array Targeting Computer Component Analysis Suite Field Recycling Unit [Rating: 40] Favorites ----------- Power Light Nuclear Core Engine Ion Engine Power Core Light Nuclear Core Propulsion Armored Wheel Leg Improved Carbon-fiber Leg Wheel Armored Wheel Flight Unit VTOL Module Utility Seismic Detector Device Seismic Detector Storage Large Storage Unit Processor Improved Signal Interpreter Protection Light Armor Plating Weapon Enhanced Autogun Energy Gun EM Pulse Gun Ballistic Gun Enhanced Autogun Launcher Advanced EMP Blaster Build | -11 -10 -9 -8 -7 ------- Run | Yrd Mat Mat Mat Fac Slots Evolved 6 | . . 2 2 2 Power 2 | . . 1 . 1 Propulsion . | . . . . . Utility 3 | . . 1 1 1 Weapon 1 | . . . 1 . Parts Attached 49 | 6 12 6 5 20 Power 11 | 1 1 1 3 5 Engine 7 | 1 1 1 1 3 Core 4 | . . . 2 2 Reactor . | . . . . . Propulsion 12 | 2 4 2 . 4 Treads . | . . . . . Leg 3 | . . . . 3 Wheel 7 | 2 2 2 . 1 Hover . | . . . . . Flight 2 | . 2 . . . Utility 16 | 1 5 1 1 8 Device 8 | . 3 1 1 3 Storage 3 | 1 1 . . 1 Processor 2 | . . . . 2 Hackware . | . . . . . Protection 3 | . 1 . . 2 Artifact . | . . . . . Weapon 10 | 2 2 2 1 3 Energy Gun 2 | 1 . . . 1 Energy Cannon . | . . . . . Ballistic Gun 7 | 1 2 2 1 1 Ballistic Cannon . | . . . . . Launcher 1 | . . . . 1 Special Weapon . | . . . . . Impact Weapon . | . . . . . Slashing Weapon . | . . . . . Piercing Weapon . | . . . . . Special Melee Weapon . | . . . . . Unidentified Prototypes 2 | . . 1 . 1 Corrupted Parts 1 | . . . . 1 System Corruption 6 | . . . . 6 Parts Lost 23 | . 3 . . 20 Power 7 | . 1 . . 6 Propulsion 4 | . 1 . . 3 Utility 5 | . . . . 5 Weapon 7 | . 1 . . 6 Highest Loss Streak 8 | . 1 . . 8 To Critical Strikes . | . . . . . Average Slot Usage (%) 91 | . 92 97 87 89 Engine 11 | . 13 22 12 6 Core 6 | . . . 5 11 Leg 1 | . . . . 2 Wheel 16 | . 23 20 18 11 Device 13 | . 12 11 15 14 Storage 9 | . 14 11 9 7 Processor 3 | . . . . 5 Protection 6 | . . 11 9 6 Energy Gun 1 | . 4 . . . Ballistic Gun 20 | . 21 21 18 19 Naked Turns . | . . . . . Heaviest Build 77 | 13 28 38 45 77 Greatest Support 32 | 32 32 24 24 28 Greatest Overweight (x) 13 | 1 1 2 1 13 Average Overweight (x) 1 | . . 1 1 2 Largest Inventory Capacity 20 | 8 15 15 15 20 Average Capacity 16 | 7 11 15 15 19 Most Carried 11 | 6 5 10 10 11 Average Carried 6 | 1 2 7 8 8 Final Capacity 20 | 8 15 15 15 20 Final Carried 9 | 1 5 8 9 3 Class Distribution -------------------- 57% | Mutant 41% | Tank Dominant Class ---------------- Mutant | -10/Materials Mutant | -9/Materials Mutant | -8/Materials Tank | -7/Factory Resources | -11 -10 -9 -8 -7 ----------- Run | Yrd Mat Mat Mat Fac Matter Collected 1088 | 210 106 86 161 525 Remotely . | . . . . . Salvage Created 1098 | . 103 86 161 748 Parts 79 | . 15 9 9 46 Haulers Intercepted 1 | . . . . 1 Recyclers Shooed 1 | . 1 . . . Parts Field Recycled . | . . . . . Retrieved Matter . | . . . . . Parts Self-Destructed . | . . . . . Prevented . | . . . . . Kills | -11 -10 -9 -8 -7 ------- Run | Yrd Mat Mat Mat Fac Combat Hostiles Destroyed 26 | . 5 3 3 15 Guns 20 | . 4 3 3 10 AOE 6 | . 1 . . 5 Classes Destroyed 11 | . 3 1 1 6 Worker 3 | . 1 . 1 1 Builder 1 | . . . . 1 Hauler 1 | . . . . 1 Watcher 4 | . 2 . . 2 Swarmer 7 | . 5 2 . . Grunt 8 | . . . 3 5 Brawler 1 | . . . . 1 Duelist 1 | . . . . 1 Sentry 6 | . . 1 . 5 Hunter 2 | . . . . 2 Programmer 1 | . . . . 1 Best Kill Streak 5 | . 3 2 3 5 Combat Bots Only 4 | . 2 2 2 4 Max Kills in Single Turn 3 | . 2 1 2 3 Gunslinging 1 | . 1 . . . Exploded 2 | . 1 . . 2 Melee . | . . . . . Uniques/NPCs Destroyed . | . . . . . Combat | -11 -10 -9 -8 -7 -------- Run | Yrd Mat Mat Mat Fac Hostile Shots Fired 428 | . 57 5 7 359 Missed 139 | . 12 3 3 121 Damage Taken 3440 | . 436 26 64 2914 Core 777 | . 68 . . 709 Absorbed by Shields 62 | . . . . 62 Core Remaining (%) 93 | 100 72 100 100 . Volleys Fired 93 | . 33 5 6 49 Largest 3 | . 2 2 2 3 Hottest 116 | . 60 50 50 116 Shots Fired 216 | . 60 10 12 134 Gun 213 | . 60 10 12 131 Cannon . | . . . . . Launcher 3 | . . . . 3 Special . | . . . . . Kinetic 202 | . 52 10 12 128 Thermal 3 | . . . . 3 Explosive . | . . . . . Electromagnetic 11 | . 8 . . 3 Robot Hit Streak 13 | . 2 5 4 13 Robot Miss Streak 11 | . 9 2 1 11 Penetration Max . | . . . . . Secondary Targets 4 | . 1 . . 3 Max Gunslinging Chain 1 | . 1 . . 1 Shots Hit Robots 111 | . 18 4 8 81 Core Hits 70 | . 12 5 7 46 Critical Kills . | . . . . . Critical Parts Destroyed . | . . . . . Critical Strikes . | . . . . . Melee Attacks . | . . . . . Impact . | . . . . . Slashing . | . . . . . Piercing . | . . . . . Sneak Attacks . | . . . . . Combat Hostiles . | . . . . . Follow-up Attacks . | . . . . . Damage Inflicted 3045 | . 361 81 159 2444 Guns 1926 | . 179 76 159 1512 Cannons . | . . . . . Explosions 1114 | . 182 . . 932 Melee . | . . . . . Ramming 5 | . . 5 . . Kinetic 1816 | . 157 76 159 1424 Thermal 273 | . 83 . . 190 Explosive 748 | . 99 . . 649 Electromagnetic 203 | . 22 . . 181 Impact . | . . . . . Slashing . | . . . . . Piercing . | . . . . . Highest Corruption 9 | . . . . 9 Average Corruption 7 | . . . . 7 Corruption Purged . | . . . . . Corruption Blocked . | . . . . . Effects 5 | . . . . 5 Matter Fused 2 | . . . . 2 Heat Flow Errors 1 | . . . . 1 Data Loss (minor) 1 | . . . . 1 Data Loss (major) 1 | . . . . 1 Overload Shots . | . . . . . Overflow Damage 104 | . 34 . . 70 Projectiles . | . . . . . Explosions 104 | . 34 . . 70 Melee . | . . . . . Knockbacks . | . . . . . Impact . | . . . . . Kinetic . | . . . . . Secondary . | . . . . . Self-Inflicted Damage 307 | . 95 2 . 210 Shots 5 | . 1 . . 4 Rammed 1 | . . 1 . . Targets Rammed 1 | . . 1 . . Kicked . | . . . . . Crushed . | . . . . . Highest Temperature 488 | . 40 40 26 488 Average Temperature 142 | . 17 15 12 168 Received Heat Transfer 906 | . . . 36 870 Effects 2 | . . . . 2 Energy Bleed 1 | . . . . 1 Damage (minor) 1 | . . . . 1 Siege Activations . | . . . . . Robots Corrupted 1 | . . . . 1 Combat Hostiles . | . . . . . Parts Fried 2 | . . . . 2 Impact Corruptions . | . . . . . Robots Melted . | . . . . . Combat Hostiles . | . . . . . Parts Melted . | . . . . . Heat Transferred 400 | . 100 . . 300 Parts Sabotaged . | . . . . . Parts Stolen . | . . . . . Parts Stripped . | . . . . . Power Chain Reactions 2 | . 1 . . 1 Alert | -11 -10 -9 -8 -7 ------- Run | Yrd Mat Mat Mat Fac Peak Influence 361 | . 251 205 67 361 Initial 105 | . . 105 1 30 Average 119 | . 112 142 37 134 Maximum Alert Level 1 | . 1 1 . 1 Low Security (%) 81 | 100 83 91 100 72 Level 1 18 | . 16 8 . 27 Level 2 . | . . . . . Level 3 . | . . . . . Level 4 . | . . . . . Level 5 . | . . . . . High Security . | . . . . . Max Security . | . . . . . Squads Dispatched 7 | . . 1 . 6 Investigation 1 | . . . . 1 Extermination 1 | . . . . 1 Reinforcement 2 | . . 1 . 1 Assault . | . . . . . Garrison 3 | . . . . 3 Intercept . | . . . . . Searches Triggered . | . . . . . Construction Impeded . | . . . . . Haulers Reinforced . | . . . . . Active Scanning Responses . | . . . . . Cargo Convoy Interrupts . | . . . . . Stealth | -11 -10 -9 -8 -7 --------- Run | Yrd Mat Mat Mat Fac Distress Signals 6 | . . 5 . 1 Communications Jammed . | . . . . . Distress Signals . | . . . . . Times Spotted 45 | . 14 4 3 24 Peak Tracking Total 5 | . 5 2 2 4 Tactical Retreats 3 | . 2 . . 1 Traps | -11 -10 -9 -8 -7 ------- Run | Yrd Mat Mat Mat Fac Traps Triggered 2 | . . . . 2 Indirectly . | . . . . . Trap Hack Attempts . | . . . . . Triggered . | . . . . . Disarmed . | . . . . . Reprogrammed . | . . . . . Reused . | . . . . . Traps Extracted . | . . . . . Installed . | . . . . . Triggered . | . . . . . Machines | -11 -10 -9 -8 -7 ---------- Run | Yrd Mat Mat Mat Fac Machines Disabled 11 | . 2 . . 9 Max in Single Turn 4 | . 2 . . 4 Machines Repaired . | . . . . . Machines Dismantled . | . . . . . Machines Sabotaged . | . . . . . Overloaded Fab Kills . | . . . . . Hacking | -11 -10 -9 -8 -7 --------- Run | Yrd Mat Mat Mat Fac Machines Accessed 1 | . . 1 . . Terminals . | . . . . . Fabricators . | . . . . . Repair Stations . | . . . . . Recycling Units . | . . . . . Scanalyzers 1 | . . 1 . . Garrison Access . | . . . . . Total Hacks 1 | . . 1 . . Successful . | . . . . . Failed 1 | . . 1 . . Catastrophic . | . . . . . Database Lockouts . | . . . . . Manual . | . . . . . Terminals . | . . . . . Fabricators . | . . . . . Repair Stations . | . . . . . Recycling Units . | . . . . . Scanalyzers 1 | . . 1 . . Garrison Access . | . . . . . Terminal Hacks . | . . . . . Fabricator Hacks . | . . . . . Repair Station Hacks . | . . . . . Recycling Unit Hacks . | . . . . . Scanalyzer . | . . . . . Garrison Access Hacks . | . . . . . Unauthorized Hacks . | . . . . . Terminals . | . . . . . Fabricators . | . . . . . Repair Stations . | . . . . . Recycling Units . | . . . . . Scanalyzers . | . . . . . Garrison Access . | . . . . . Data Cores Recovered . | . . . . . Used . | . . . . . Hacking Detections . | . . . . . Full Trace Events . | . . . . . Feedback Events . | . . . . . Feedback Blocked . | . . . . . Robot Schematics Acquired . | . . . . . Robots Built . | . . . . . Authchips . | . . . . . Time . | . . . . . Total Robot Build Rating . | . . . . . Part Schematics Acquired . | . . . . . Parts Built . | . . . . . Authchips . | . . . . . Time . | . . . . . Total Part Build Rating . | . . . . . Parts Repaired . | . . . . . Time . | . . . . . Parts Recycled . | . . . . . Recycled Matter . | . . . . . Retrieved Matter . | . . . . . Retrieved Components . | . . . . . Parts Scanalyzed . | . . . . . Part Schematics Acquired . | . . . . . Parts Damaged . | . . . . . Bothacking | -11 -10 -9 -8 -7 ------------ Run | Yrd Mat Mat Mat Fac Used RIF Installer . | . . . . . Robots Hacked . | . . . . . Non-combat . | . . . . . Combat . | . . . . . Robot Hacks Applied . | . . . . . Relay Couplers Released . | . . . . . Fabnet Peak Effective % . | . . . . . Robots Rewired . | . . . . . Allies Hacked . | . . . . . Hacks Repelled . | . . . . . Allies | -11 -10 -9 -8 -7 -------- Run | Yrd Mat Mat Mat Fac Total Allies . | . . . . . Largest Group . | . . . . . Highest-Rated Group . | . . . . . Highest-Rated Ally . | . . . . . Total Orders . | . . . . . Ally Attacks . | . . . . . Total Damage . | . . . . . Kills . | . . . . . Allies Corrupted . | . . . . . Allies Melted . | . . . . . Intel | -11 -10 -9 -8 -7 ------- Run | Yrd Mat Mat Mat Fac Robot Analysis Total . | . . . . . Derelict Logs Recovered . | . . . . . Drone Launches . | . . . . . Drone Recoveries . | . . . . . Exploration | -11 -10 -9 -8 -7 ------------- Run | Yrd Mat Mat Mat Fac Turns Passed 1976 | 53 336 402 198 987 Spaces Moved 1315 | 44 216 341 165 549 Core 15 | 9 . . . 6 Treads . | . . . . . Legs 53 | . . . . 53 Wheels 1247 | 35 216 341 165 490 Hover . | . . . . . Flight . | . . . . . Fastest Speed 50 | 50 100 105 105 120 Average Speed 124 | 90 104 108 105 150 Slowest Speed 700 | 100 115 130 105 700 Overloaded Moves . | . . . . . Propulsion Burnouts . | . . . . . Robots Hopped . | . . . . . Cave-ins Triggered . | . . . . . Exploration Rate (%) 21 | 4 44 23 23 12 Regions Visited 4 Branch Regions . Pre-discovered Areas . | . . . . . Known Exits Taken . | . . . . . Unknown Exits Taken 4 | 1 1 1 1 . Scrap Searched . | . . . . . Spaces Dug . | . . . . . Terrain Destroyed 76 | . 24 . . 52 Melee . | . . . . . Projectile . | . . . . . AOE 76 | . 24 . . 52 Terrain Rammed . | . . . . . Walls Destroyed . | . . . . . Machines Disabled . | . . . . . Actions | -11 -10 -9 -8 -7 --------- Run | Yrd Mat Mat Mat Fac Total 1524 | 56 278 370 182 638 Wait 1 | 1 . . . . Move 1311 | 43 215 340 164 549 Hop . | . . . . . Pick Up 49 | 6 12 12 5 14 Fast Attach 1 | 1 . . . . Attach 37 | 5 7 6 3 16 Detach 1 | . 1 . . . Swap 11 | . 5 . 2 4 Drop 19 | . 5 6 2 6 Fire 93 | . 33 5 6 49 Melee . | . . . . . Ram 1 | . . 1 . . Kick . | . . . . . Crush . | . . . . . Escape Stasis . | . . . . . Rewire . | . . . . . Trap . | . . . . . Miscellaneous . | . . . . . Route ------- -11/Scrapyard -10/Materials -9/Materials -8/Materials -7/Factory History --------- Turn | Location | Event 6 | -11/Scrapyard | Discovered new exit (range 16) 54 | -11/Scrapyard | Entered Materials 305 | -10/Materials | Build established: Mutant 371 | -10/Materials | Discovered new exit (range 16) 390 | -10/Materials | Entered another Materials area 390 | -9/Materials | Evolved 2 slots: Power x1, Utility x1 788 | -9/Materials | Discovered new exit (range 4) 792 | -9/Materials | Entered another Materials area 792 | -8/Materials | Evolved 2 slots: Utility x1, Weapon x1 972 | -8/Materials | Discovered new exit (range 3) 990 | -8/Materials | Entered Factory 990 | -7/Factory | Evolved 2 slots: Power x1, Utility x1 1285 | -7/Factory | Build established: Tank 1614 | -7/Factory | Garrison activated, responded to threat 1666 | -7/Factory | Lost 3 parts (1p1u1w) 1755 | -7/Factory | Lost 3 parts (1p1n1u) 1889 | -7/Factory | Lost 8 parts (4p1n3w) 1921 | -7/Factory | Core integrity fell below 50% 1963 | -7/Factory | Core integrity fell below 20% 1977 | -7/Factory | Destroyed by G-47 Trooper with Particle Gun Last Messages --------------- System corrupted: Substantial component data lost. R-06 Scavenger collects Corrupted Aluminum Leg. U-05 Engineer lays Concrete. U-05 Engineer builds a Door. Imp. Carbon-fiber Leg destroyed. Imp. Light Armor Plating destroyed. Slug penetrates Wall. System corrupted: Matter fused (-6). [Achievement: Power Corrupts] [Achievement: I Spy] Critical hit (Burn: +37). Slug penetrates Wall. Slug penetrates G-47 Trooper. System corrupted: Heat flow error (+254). Penetrated by Slug. Imp. Heat Sink destroyed. K-01 Serf collects debris. Penetrated by Slug. K-01 Serf collects debris. Map ----- +----------------------------------------------------+ | ?????????????????????????????????????????????????? | | ?????????????????????????????????????????????????? | | ?????????????????????????????????????????????????? | | ?????????????????????????????????????????????????? | | ?????????????????????????????????????????????????? | | ?????????????????????????????????????????????????? | | ?????????????????????????????????????????????????? | | ?????????????????????????????????????????????????? | | ?????????????????????????????????????????????????? | | ??????????????????? ???????????????????????????? | | ?????????????????? ??????????????????????????? | | ?????????????????? ?????????????????????????? | | #????????????????? ?????????????????????????? | | #????????????????? ?????#####????????????????? | | #####?????????????# #????? #?r??????????????? | | ########??????# #????? #????????????????? | | # #??##### #???? #????????????????? | | # [####"" # #?#"""" #????????????????? | | # ## # # u###"""" #????????????????? | | # /! # r #"""" #????????????????? | | # /! #"""" #????????????????? | | # ! # % #"""" #????????????????? | | # +o # """ #????????????????? | | #[ "" % %""# #????????????????? | | #[ """ ### ""# #????????????????? | | # S" #" G#@ #???????#+####???? | | #% """ # ""#ghg #????? #??? | | ###= """ #"" ""##/########## ??? | | ###?#[= ### ?? | | ????#=######?# % ?? | | ????###??????## % ?? | | ??????????????# k ?? | | ??????????????# ?? | | ??????????????#+####k################ ??? | | ??????????????# ? ???????????????? #??? | | ??????????????#k ?????????????????#+####???? | | ??????????????# ????????????????????????????? | | ??????????????# ????????????????????????????? | | ??????????????# ????????????????????????????? | | ??????????????# ????????????????????????????? | | ??????????????# ????????????????????????????? | | ??????????????# ??????????????????????????????? | | ?????????????????? ??????????????????????????????? | | ?????????????????????????????????????????????????? | | ?????????????????????????????????????????????????? | | ?????????????????????????????????????????????????? | | ?????????????????????????????????????????????????? | | ?????????????????????????????????????????????????? | | ?????????????????????????????????????????????????? | | ?????????????????????????????????????????????????? | +----------------------------------------------------+ Best States ------------- Heat Dissipation 48 Energy Generation 34 Energy Capacity 490 Matter Stores 283 Matter Capacity 300 Sight Range 16 Robot Scan Range 15 Terrain Scan Density 10 Base Temperature (-) 100 Armor Coverage 150 Evasion (%) 50 Targeting Accuracy 5 Item Schematics ----------------- None Robot Schematics ------------------ None Fabricated ------------ Nothing Alien Tech Used ----------------- None Achievements -------------- I Spy Power Corrupts Troublemaker Challenges ------------ None Game ------ Seed ExoskeletonNovaCutter Manual? 0 Play Time 00:41:11 Cumulative 4.4 hours Start 2024.03.16 @ 16:08:20 End 2024.03.16 @ 17:04:36 Sessions 1 Manual Loads 0 Difficulty Rogue Special Mode None Game No. 10 Rogue 10 Adventurer 0 Explorer 0 Win Type - Total 0 Types 0/0/0/0/0/0/0/0/0 Lore% 2 Gallery% 8 Achievement% 6 Wizard Run 0 Options --------- Layout 1 ASCII 0 Keyboard 0 Movement Mouse Keybinds 0 Fullscreen 1 Font 24/Smallcaps Map View 50x35 Zoom Use 12% Tactical HUD 0 Map Filters NONE Filters NONE Steam 1 RUN: 8d4d5e3c-12a9-46d5-806a-8211e1116664